 Dungeon Crawl Stone Soup version 0.29.1-1-gd02db69 (webtiles) character file.

Game seed: 5723294379329558370

25 Timinator the Insei (level 2, -2/23 HPs)
             Began as a Demigod Transmuter on Jan 17, 2023.
             Slain by Sigmund
             ... wielding a +0 scythe
              (9 damage)
             ... on level 1 of the Dungeon.
             The game lasted 00:02:24 (1087 turns).

Timinator the Insei (Demigod Transmuter)            Turns: 1087, Time: 00:02:25

Health: -2/23      AC:  4    Str: 11    XL:     2   Next: 63%
Magic:  7/7        EV: 11    Int: 15    God:
Gold:   84         SH:  0    Dex: 14    Spells: 4/5 levels left

rFire   . . .      SeeInvis .     - Unarmed
rCold   . . .      Faith    .   (no shield)
rNeg    . . .      Spirit   .   e - +0 leather armour
rPois   .          Reflect  .   d - +0 helmet
rElec   .          Harm     .   (no cloak)
rCorr   .          Rampage  .   (no gloves)
Will    .....                   (no boots)
Stlth   +.........              (no amulet)
HPRegen 0.07/turn               (no ring)
MPRegen 0.10/turn               (no ring)

@: attractive, hasted, very quick
A: high MP 1, forlorn, divine attributes
a: no special abilities


You were on level 1 of the Dungeon.
You visited 1 branch of the dungeon, and saw 2 of its levels.

You collected 84 gold pieces.

Inventory:

Missiles
 b - 5 javelins (quivered)
 f - 3 poisoned darts
Armour
 d - a +0 helmet (worn)
 e - a +0 leather armour (worn)
Scrolls
 g - a scroll of magic mapping {unknown}


   Skills:
 + Level 1.1 Fighting
 + Level 0.3 Armour
 + Level 1.9 Dodging
 * Level 3.0 Unarmed Combat
 * Level 2.1 Spellcasting
 + Level 2.0 Transmutations


You had 4 spell levels left.
You knew the following spells:

 Your Spells              Type           Power      Damage    Failure   Level
a - Beastly Appendage     Tmut           14%        N/A       13%         1

Your spell library contained the following spells:

 Spells                   Type           Power      Damage    Failure   Level
 Wereblood                Tmut           7%         N/A       19%         2
 Spider Form              Tmut/Pois      4%         N/A       50%         3
 Ice Form                 Ice/Tmut       4%         N/A       88%         4


Dungeon Overview and Level Annotations

Branches:
Dungeon (2/15)

Annotations:
D:2 Sigmund


Innate Abilities, Weirdness & Mutations

You have an increased reservoir of magic. (+10% MP)
You shall have no god before yourself.
Your divine heritage dramatically boosts your attributes as you level up.


Message History

The poisoned dart closely misses Sigmund.
Throw: 4 darts (poison)
Press: ? - help, Shift-Dir - straight line, f/p - Sigmund
Aim: Sigmund, wielding a +0 scythe and wearing a +0 robe (53% to hit)
You throw a poisoned dart. The poisoned dart hits Sigmund.
Sigmund is poisoned.
Throw: 6 javelins
Press: ? - help, Shift-Dir - straight line, f/p - Sigmund
Aim: Sigmund, wielding a +0 scythe and wearing a +0 robe (lightly wounded, poisoned, 53% to hit)
You throw a javelin. The javelin pierces through Sigmund.
Sigmund is lightly wounded.
Sigmund is suddenly surrounded by pale blue light.
Sigmund gestures wildly while chanting.
Sigmund flickers and vanishes!
Deactivating autopickup; reactivate with Ctrl-A.
Things that are here:
a jackal corpse; a jackal corpse You closely miss something.
Something hits you!
It was a potion of attraction.
You feel attractive to monsters.
It was a potion of haste.
You feel yourself speed up. Something hits you but does no damage.
You barely miss something. You barely miss something.
You hear some strange, mumbled words.
A magic dart appears from out of thin air!
The magic dart hits you. Something is attracted toward you.
You see here a quokka corpse.
Something hits you but does no damage. Something is attracted toward you.
Something is attracted toward you.
There is a stone staircase leading up here.
Something hits you.
* * * LOW HITPOINT WARNING * * *
You climb upwards.
Reactivating autopickup.
There is a stone staircase leading down here.
Something is attracted toward you. Something is attracted toward you.
Something hits you!
You die...

.......##..##..>......########
####.#.#...........####
##...........#######
##.#.#####.#..####
...........#.....##
.........###.###..###
###..###.:.#..###...###
....###..........##...# .#..#
#.....ยงยง.#@####.#### ##..#
#......>.#.####....## #...#
####.#####....####..## ..8.#
#.# ####..# ##..# #...# #.#
##.# ##.# ##..# #.# #.## #..#
.#..# #.# ##..###.##
....######.# ###.......#
...........# ##...#..####


There were no monsters in sight!

Vanquished Creatures
  4 ball pythons (D:1)
  3 endoplasms (D:1)
  A giant cockroach (D:1)
  3 goblins (D:1)
  7 jackals
  A quokka (D:2)
  A frilled lizard (D:1)
20 creatures vanquished.

Notes
Turn   | Place    | Note
-------+----------+-------------------------------------------
     0 | D:1      | Timinator the Demigod Transmuter began the quest for the
                  | Orb.
     0 | D:1      | Reached XP level 1. HP: 15/15 MP: 5/5
   163 | D:1      | Reached skill level 1 in Fighting
   179 | D:1      | Reached XP level 2. HP: 10/23 MP: 7/7
   649 | D:1      | Reached skill level 3 in Unarmed Combat
  1067 | D:2      | Noticed Sigmund
  1087 | D:1      | Slain by Sigmund

Illustrated notes

Levels and vault maps discovered:
D:1:      grunt_arrival_crossed_arrows, layout_rooms,
          dreamdust_ecumenical_altar_grove, chequers_hall_statues_corner_a
D:2:      layout_basic, serial_park_tiny_2, uniq_sigmund, uniq_terence

Skill      XL: |  1  2 |
---------------+-------+-----
Fighting       | 1 |  1.1
Spellcasting   | 2 |  2.1
Unarmed Combat | 3 |  3.0
Transmutations | 2 |  2.0
Armour         | |  0.3
Dodging        | |  1.9

Action                   || total
-------------------------++-------
Melee: Unarmed           ||    65
       Kick              ||     1
       Punch             ||     1
Throw: Dart              ||     2
       Javelin           ||     1
 Cast: Beastly Appendage ||     1
  Use: Potion            ||     3
Armor: Skin              ||    12
       Robe              ||     2
       Leather armour    ||    11
Dodge: Dodged            ||    37
